 Dungeon Crawl Stone Soup version 0.29-a0-1043-g569b05d6ff (webtiles) character file.

Game seed: 17959257487285857331

81 Rohain the Grasshopper (level 4, -3/38 HPs)
             Began as a Gnoll Warper on Aug 15, 2022.
             Frozen to death by an endoplasm (4 damage)
             ... on level 3 of the Dungeon.
             The game lasted 00:05:09 (3799 turns).

Rohain the Grasshopper (Gnoll Warper)               Turns: 3799, Time: 00:05:09

Health: -3/38      AC:  4    Str: 13    XL:     4   Next: 40%
Magic:  8/11       EV: 12    Int: 12    God:
Gold:   115        SH:  0    Dex: 11    Spells: 10/13 levels left

rFire   . . .      SeeInvis .   a - +0 spear
rCold   . . .      Faith    .   (no shield)
rNeg    . . .      Spirit   .   b - +0 leather armour
rPois   .          Reflect  .   j - +0 helmet
rElec   .          Harm     .   (no cloak)
rCorr   .          Rampage  .   (no gloves)
Will    .....                   (no boots)
Stlth   +.........              (no amulet)
HPRegen 0.12/turn               (no ring)
MPRegen 0.12/turn               (no ring)

@: on blink cooldown
A: fangs 1, strong nose, distributed training
a: no special abilities


You were on level 3 of the Dungeon.
You visited 1 branch of the dungeon, and saw 3 of its levels.

You collected 115 gold pieces.

Inventory:

Hand Weapons
 a - a +0 spear (weapon)
Missiles
 d - 6 boomerangs of dispersal (quivered)
 e - 4 boomerangs
Armour
 b - a +0 leather armour (worn)
 j - a +0 helmet (worn)
Scrolls
 c - 2 scrolls of blinking
 f - a scroll of fear {unknown}
 g - 4 scrolls of identify {unknown}
 h - a scroll of butterflies {unknown}
 i - a scroll of teleportation {unknown}
 k - a scroll of amnesia {unknown}


   Skills:
 + Level 4.6 Fighting
 + Level 1.2 Short Blades
 + Level 1.2 Long Blades
 + Level 1.2 Axes
 + Level 1.2 Maces & Flails
 + Level 4.6 Polearms
 + Level 1.2 Staves
 + Level 1.2 Ranged Weapons
 + Level 2.8 Throwing
 + Level 2.8 Armour
 + Level 4.6 Dodging
 + Level 1.2 Stealth
 + Level 1.2 Shields
 + Level 1.2 Unarmed Combat
 + Level 5.1 Spellcasting
 + Level 1.0 Conjurations
 + Level 1.0 Hexes
 + Level 1.0 Summonings
 + Level 1.0 Necromancy
 + Level 5.5 Translocations
 + Level 1.0 Transmutations
 + Level 1.0 Fire Magic
 + Level 1.0 Ice Magic
 + Level 1.0 Air Magic
 + Level 1.0 Earth Magic
 + Level 1.0 Poison Magic
 + Level 1.3 Invocations
 + Level 1.2 Evocations


You had 10 spell levels left.
You knew the following spells:

 Your Spells              Type           Power      Damage    Failure   Level
a - Blink                 Tloc           32%        N/A       4%          2
b - Slow                  Hex            20%        N/A       17%         1

Your spell library contained the following spells:

 Spells                   Type           Power      Damage    Failure   Level
 Gell's Gravitas          Tloc           16%        N/A       8%          3
 Lesser Beckoning         Tloc           16%        N/A       8%          3
 Teleport Other           Tloc           16%        N/A       8%          3
 Confusing Touch          Hex            5%         N/A       45%         3
 Dazzling Flash           Conj/Hex       10%        N/A       45%         3
 Vampiric Draining        Necr           5%         2d6       45%         3
 Iskenderun's Mystic Bla  Conj/Tloc      10%        2d4       54%         4
 Manifold Assault         Tloc           16%        N/A       58%         5
 Starburst                Conj/Fire      2%         6d3       100%        6


Dungeon Overview and Level Annotations

Branches:
Dungeon (3/15)

Altars:
Qazlal

Shops:
D:3 [

Annotations:
D:2 Terence
D:3 Grinder, Sigmund


Innate Abilities, Weirdness & Mutations

You have very sharp teeth.
Your uncanny sense of smell can sniff out nearby items.
Your experience applies equally to all skills.


Message History

* * * LOW HITPOINT WARNING * * *
You closely miss Grinder. You bite Grinder, but do no damage.
Grinder is lightly wounded.
Grinder hits you.
* * * LOW HITPOINT WARNING * * *
You writhe in agony.
* * * LOW HITPOINT WARNING * * *
Unknown command.
You aren't carrying any potions.
Sorry, you're not good enough to have a special ability.
Unknown command.
Casting: Slow (safe; 17% risk of failure)
Confirm with . or Enter, or press ? or * to list all spells.
You blink.
Grinder gestures at you.
You suddenly lose the ability to move!
You can move again.
Grinder says, "At least Makhleb appreciates what I'm doing."
Grinder gestures at you. You resist with significant effort.
Grinder gestures at you.
You suddenly lose the ability to move!
You feel stable enough to blink again. Grinder gestures at you.
You shrug off the repeated paralysis!
You can move again.
An endoplasm comes into view.
The endoplasm moves out of view.
The endoplasm hits you but does no damage.
Casting: Blink (safe; 4% risk of failure)
Confirm with . or Enter, or press ? or * to list all spells.
Okay, then.
The endoplasm attacks as you move away! The endoplasm hits you.
* * * LOW HITPOINT WARNING * * *
Casting: Blink (safe; 4% risk of failure)
Confirm with . or Enter, or press ? or * to list all spells.
You blink.
Grinder blinks!
The endoplasm freezes you.
You are frozen.
You die...

∆ # .#
#########+#.###
#.....@........
#....^.J5......
#.........##.##
########.###.#######
#.#.........#
#.#.........####
#.#.............
#§#.........####
#.5....5.....


You could see Grinder and an endoplasm.

Vanquished Creatures
  Robin (D:2)
  An adder (D:2)
  A worm (D:2)
  3 dart slugs (D:2)
  2 endoplasms
  A giant cockroach (D:1)
  16 goblins
  4 hobgoblins
  2 quokkas
  5 ball pythons
  4 bats
  3 frilled lizards
  5 kobolds
  4 rats
52 creatures vanquished.

Notes
Turn   | Place    | Note
-------+----------+-------------------------------------------
     0 | D:1      | Rohain the Gnoll Warper began the quest for the Orb.
     0 | D:1      | Reached XP level 1. HP: 20/20 MP: 6/6
   244 | D:1      | Reached XP level 2. HP: 17/26 MP: 7/7
   353 | D:1      | Learned a level 2 spell: Blink
  1034 | D:1      | Found a faded altar of an unknown god.
  1107 | D:2      | Reached skill level 5 in Spellcasting
  1107 | D:2      | Reached XP level 3. HP: 31/31 MP: 7/9
  1164 | D:2      | Reached skill level 1 in Invocations
  1299 | D:2      | Noticed Robin
  1565 | D:1      | Reached skill level 1 in Short Blades
  1565 | D:1      | Reached skill level 1 in Long Blades
  1565 | D:1      | Reached skill level 1 in Axes
  1565 | D:1      | Reached skill level 1 in Maces & Flails
  1565 | D:1      | Reached skill level 1 in Staves
  1565 | D:1      | Reached skill level 1 in Ranged Weapons
  1565 | D:1      | Reached skill level 1 in Stealth
  1565 | D:1      | Reached skill level 1 in Shields
  1565 | D:1      | Reached skill level 1 in Unarmed Combat
  1565 | D:1      | Reached skill level 1 in Evocations
  1974 | D:2      | Reached XP level 4. HP: 33/38 MP: 11/11
  2195 | D:2      | Noticed Terence
  2889 | D:3      | Found a stormy altar of Qazlal.
  2918 | D:3      | Found Okly's Antique Armour Shop.
  2927 | D:3      | Learned a level 1 spell: Slow
  2951 | D:3      | Noticed Sigmund
  3440 | D:2      | Killed Robin
  3441 | D:2      | Reached skill level 1 in Conjurations
  3441 | D:2      | Reached skill level 1 in Hexes
  3441 | D:2      | Reached skill level 1 in Summonings
  3441 | D:2      | Reached skill level 1 in Necromancy
  3441 | D:2      | Reached skill level 1 in Transmutations
  3441 | D:2      | Reached skill level 1 in Fire Magic
  3441 | D:2      | Reached skill level 1 in Ice Magic
  3441 | D:2      | Reached skill level 1 in Air Magic
  3441 | D:2      | Reached skill level 1 in Earth Magic
  3441 | D:2      | Reached skill level 1 in Poison Magic
  3775 | D:3      | Noticed Grinder
  3783 | D:3      | HP: 1/38 [Grinder (2)]
  3784 | D:3      | Paralysed by Grinder for 2 turns
  3788 | D:3      | Paralysed by Grinder for 3 turns
  3796 | D:3      | HP: 1/38 [endoplasm (2)]
  3799 | D:3      | Frozen to death by an endoplasm

Illustrated notes

Levels and vault maps discovered:
D:1:      erik_arrival_orb_chamber, layout_basic, ebering_ecumenical_altar_webs
D:2:      layout_loops_cross, chequers_serial_rivers_micro_b, uniq_terence,
          uniq_robin
D:3:      layout_basic, grunt_qazlal_clouds, serial_shops, shop, uniq_sigmund,
          uniq_grinder

Skill      XL: |  1  2  3  4 |
---------------+-------------+-----
Spellcasting   | 5 |  5.1
Invocations    | 1 |  1.3
Short Blades   | 1 |  1.2
Long Blades    | 1 |  1.2
Axes           | 1 |  1.2
Maces & Flails | 1 |  1.2
Staves         | 1 |  1.2
Ranged Weapons | 1 |  1.2
Stealth        | 1 |  1.2
Shields        | 1 |  1.2
Unarmed Combat | 1 |  1.2
Evocations     | 1 |  1.2
Conjurations   | 1 |  1.0
Hexes          | 1 |  1.0
Summonings     | 1 |  1.0
Necromancy     | 1 |  1.0
Transmutations | 1 |  1.0
Fire Magic     | 1 |  1.0
Ice Magic      | 1 |  1.0
Air Magic      | 1 |  1.0
Earth Magic    | 1 |  1.0
Poison Magic   | 1 |  1.0
Fighting       | |  4.6
Polearms       | |  4.6
Throwing       | |  2.8
Armour         | |  2.8
Dodging        | |  4.6
Translocations | |  5.5

Action                   |  1- 3 |  4- 6 || total
-------------------------+-------+-------++-------
Melee: Spear             |   161 |    69 ||   230
       Bite              |    15 |     3 ||    18
       Punch             |       |     2 ||     2
Throw: Boomerang         |       |     1 ||     1
 Cast: Blink             |     2 |     9 ||    11
       Slow              |       |     1 ||     1
  Use: Potion            |       |     2 ||     2
 Stab: Sleeping          |     1 |       ||     1
Armor: Leather armour    |    34 |    11 ||    45
Dodge: Dodged            |    88 |    18 ||   106

Table legend: (Time is in decaauts)
 A = Elapsed time spent in this place.
 B = Non-inter-level travel time spent in this place.
 C = Inter-level travel time spent in this place.
 D = Time resting spent in this place.
 E = Time spent auto-exploring this place.
 F = Levels seen in this place.
 G = Mean time per level.
                   A        B        C        D        E       F      G
               +--------+--------+--------+--------+--------+-----+--------+
         Total |   3775 |   3682 |     93 |   1434 |   1480 |   3 | 1258.3 |
       Dungeon |   3775 |   3682 |     93 |   1434 |   1480 |   3 | 1258.3 |
               +--------+--------+--------+--------+--------+-----+--------+

Top non-repeatable levels by time:
     D:1: 2420 daAuts
     D:2: 1147 daAuts
     D:3: 207 daAuts
